 Dungeon Crawl Stone Soup version 0.20-a0-1126-g0f15420 (webtiles) character file.

2314 Lochraine the Shield-Bearer (level 9, -15/48 HPs)
             Began as a Vine Stalker Fighter on May 17, 2017.
             Splashed by Pikel's acid (17 damage)
             ... on level 6 of the Dungeon.
             The game lasted 00:17:06 (6062 turns).

Lochraine the Shield-Bearer (Vine Stalker Fighter)  Turns: 6062, Time: 00:17:08

Health: -15/48     AC:  3    Str: 21    XL:     9   Next: 41%
Magic:  0/10       EV:  7    Int:  8    God:
Gold:   345        SH: 10    Dex: 15    Spells: 8/8 levels left

rFire    . . .     SeeInvis +   i - +0 short sword (speed)
rCold    . . .     Gourm    +   c - +0 shield
rNeg     . . .     Faith    .   b - +0 scale mail
rPois    +         Spirit   +   (no helmet)
rElec    .         Reflect  .   s - +2 cloak
rCorr    .         Harm     .   u - +0 pair of gloves
MR       +....                  (no boots)
Stlth    ..........             I - amulet of the gourmand
Regen    0.6/turn               z - ring of see invisible
MPRegen  0.2/turn               p - ring of poison resistance

@: corroded, drained
A: fangs 3, regeneration 1, magic shield, antimagic bite, no potion heal 3, rot
immunity
a: no special abilities


You were on level 6 of the Dungeon.
You were full.

You visited 1 branch of the dungeon, and saw 7 of its levels.

You collected 400 gold pieces.
You spent 55 gold pieces at shops.

Inventory:

Hand Weapons
 a - a +0 long sword
 i - a +0 short sword of speed (weapon)
   (You found it on level 1 of the Dungeon)
Missiles
 l - 4 javelins (quivered)
 y - a throwing net {!f}
Armour
 b - a +0 scale mail (worn)
 c - a +0 shield (worn)
 s - a +2 cloak (worn)
   (You found it on level 2 of the Dungeon)
 u - a +0 pair of gloves (worn)
   (You found it on level 2 of the Dungeon)
Jewellery
 k - an uncursed ring of ice
   (You found it on level 4 of the Dungeon)
 p - a ring of poison resistance (right hand)
   (You found it on level 1 of the Dungeon)
 z - a ring of see invisible (left hand)
   (You found it on level 5 of the Dungeon)
 A - an uncursed ring of resist corrosion
   (You found it on level 4 of the Dungeon)
 I - an amulet of the gourmand (around neck)
   (You found it on level 6 of the Dungeon)
Wands
 d - a wand of iceblast (4/15)
   (You found it on level 6 of the Dungeon)
 G - a wand of random effects (29/48)
   (You found it on level 6 of the Dungeon)
Scrolls
 f - 3 scrolls of remove curse {@r2}
 h - 4 scrolls of teleportation {@r4}
 r - a scroll of enchant armour
 t - 3 scrolls of immolation {!r}
 w - 2 scrolls of identify {@r1}
 F - a scroll of random uselessness {unknown}
 H - 2 scrolls of amnesia {unknown}
 J - a scroll of noise {unknown}
Potions
 e - 2 potions of curing {@q1}
 g - a potion of mutation {unknown}
 j - a potion of berserk rage {unknown}
 v - a potion of heal wounds {@q2}
 x - 2 potions of agility {unknown}
 B - a potion of brilliance {unknown}
 C - a potion of degeneration {unknown}
 D - a potion of cancellation {unknown}
Comestibles
 m - 2 meat rations
 n - a royal jelly
 q - 5 bread rations
 E - 2 fruits


   Skills:
 + Level 6.2(5.5) Fighting
 + Level 5.4(5.0) Short Blades
 - Level 1.9(3.3) Long Blades
 + Level 5.5(4.9) Armour
 + Level 6.3(5.7) Shields


You had 8 spell levels left.
You didn't know any spells.

Dungeon Overview and Level Annotations

Branches:
Dungeon (7/15)
 Temple: D:4-7

Altars:
Ashenzari

Shops:
D:6 *

Annotations:
D:5 Menkaure
D:6 Pikel
D:7 Prince Ribbit


Innate Abilities, Weirdness & Mutations

You have razor-sharp teeth.
Your natural rate of healing is unusually fast.
When hurt, damage is shared between your health and your magic reserves.
Your bite disrupts and absorbs the magic of your enemies.
Potions cannot restore your health.
You are immune to rotting.


Message History

You closely miss the wight. You bite the wight. You drain its power.
You hit the wight but do no damage. You block the wight's attack.
You hit the wight. You bite the wight, but do no damage.
The wight barely misses you.
You hit the wight but do no damage. You bite the wight! You drain its power.
You closely miss the wight. Your bite misses the wight.
The wight completely misses you.
The wight hits you with a dagger of speed.
You feel drained.
The orc wizard is no longer moving quickly.
The orc wizard casts a cantrip, but nothing happens.
Pikel the Slaver comes into view.
He is wielding a whip of freezing.
Pikel shouts!
Prince Ribbit comes into view.
Prince Ribbit croaks.
Pikel zaps a wand.
The bolt of acid misses you.
It is a wand of acid (?/15).
Prince Ribbit blinks!
Pikel says, "You'll fetch a fair price!"
Pikel hits you but does no damage.
The orc wizard looks encouraged for a moment.
There is a stone staircase leading up here.
Pikel barely misses you.
You climb upwards.
There is a stone staircase leading down here.
You completely miss Pikel. You bite Pikel, but do no damage.
Pikel zaps a wand.
The bolt of acid hits you!
You are splashed with acid!
The acid burns!
You barely miss Pikel. Pikel barely misses you.
You hit Pikel. Your bite misses Pikel.
Okay, then.
Okay, then.
Okay, then.
You hit Pikel but do no damage. You bite Pikel. You drain his power.
You feel invigorated. You block Pikel's attack.
You hit Pikel. You bite Pikel. You drain his power.
Pikel zaps a wand.
The bolt of acid hits you!
* * * LOW HITPOINT WARNING * * *
The acid corrodes you!
You are splashed with acid!
The acid burns!
* * * LOW HITPOINT WARNING * * *
Unknown command.
You are too injured to fight recklessly!
You hit Pikel but do no damage. Your bite misses Pikel.
You hit Pikel but do no damage. You bite Pikel, but do no damage.
Pikel zaps a wand.
The bolt of acid hits you!
* * * LOW HITPOINT WARNING * * *
The acid corrodes you!
You are splashed with acid!
The acid burns!
You die...

##.##....#.......############
##.##...........^......#
...##.#...#...##.##.##.#
#####.#.#.#...##.##.##.# #
#.#.#.#...##.....#.# #
#......<..##.#...#)# #
##........##.......## #
#..................# #
#.......##.@......># #
#.......##K....(...# #
#.......###.#...#### #
#.......# #.#...# # #########
#.#...# # #######.##### #
#.......# # #.####### # #.#


You could see Pikel.

Vanquished Creatures
  2 sky beasts
  A necrophage (D:5)
  2 ice beasts
  4 ogres
  2 centaurs (D:5)
  A gnoll sergeant (D:3)
  A scorpion (D:6)
  2 killer bees
  3 wights (D:7)
  2 howler monkeys
  A crimson imp (D:6)
  A centaur skeleton (D:4)
  2 gnoll shamans (D:3)
  Jessica (D:2)
  2 worker ants (D:5)
  An iguana (D:6)
  2 orc wizards
  A hound skeleton (D:6)
  A worker ant zombie (D:3)
  40 gnolls
  15 adders
  A shadow imp (D:5)
  An adder zombie (D:6)
  A worm (D:5)
  5 dart slugs
  3 leopard geckos
  11 orcs
  3 ball pythons
  6 bats
  4 giant cockroaches
  3 hobgoblins
  30 jackals
  6 kobolds
  5 quokkas
  3 frilled lizards
  6 goblins
  2 leopard gecko skeletons (D:4)
  A quokka skeleton (D:6)
  A quokka zombie (D:6)
  8 rats
187 creatures vanquished.

Vanquished Creatures (others)
  4 toadstools (D:1)
4 creatures vanquished.

Grand Total: 191 creatures vanquished

Notes
Turn   | Place    | Note
-------+----------+-------------------------------------------
     0 | D:1      | Lochraine the Vine Stalker Fighter began the quest for the Orb.
     0 | D:1      | Reached XP level 1. HP: 11/11 MP: 2/2
   196 | D:1      | Reached XP level 2. HP: 16/16 MP: 1/3
   495 | D:1      | Reached skill level 1 in Short Blades
   506 | D:1      | Reached XP level 3. HP: 19/19 MP: 4/4
   611 | D:2      | Found a shattered altar of Ashenzari.
   778 | D:2      | Noticed Jessica
   809 | D:2      | Killed Jessica
   826 | D:2      | Gained mutation: Your natural rate of healing is unusually fast. [Vine Stalker growth]
   826 | D:2      | Reached XP level 4. HP: 24/24 MP: 5/5
  1410 | D:3      | Reached XP level 5. HP: 23/28 MP: 3/6
  2100 | D:3      | Noticed an ogre
  2540 | D:3      | Reached XP level 6. HP: 32/33 MP: 7/7
  2836 | D:3      | Reached XP level 7. HP: 37/37 MP: 8/8
  3481 | D:4      | Gained mutation: You have razor-sharp teeth. [Vine Stalker growth]
  3481 | D:4      | Reached XP level 8. HP: 41/42 MP: 9/9
  4284 | D:5      | Entered Level 5 of the Dungeon
  4327 | D:5      | Reached skill level 5 in Fighting
  4327 | D:5      | Reached skill level 5 in Shields
  5135 | D:6      | Noticed Menkaure
  5280 | D:6      | Reached skill level 5 in Armour
  5326 | D:6      | Reached XP level 9. HP: 48/48 MP: 10/10
  5336 | D:6      | Reached skill level 5 in Short Blades
  5364 | D:6      | Found Aqirghen's General Store.
  5372 | D:6      | Bought a scroll of teleportation for 33 gold pieces
  5372 | D:6      | Bought a scroll of identify for 22 gold pieces
  6049 | D:7      | Noticed Pikel
  6050 | D:7      | Noticed Prince Ribbit
  6062 | D:6      | HP: 2/48 [Pikel/wand of acid (?/15) (16)]
  6062 | D:6      | Splashed by Pikel's acid

Vault maps used:
D:1:      ldierk_water_garden
D:2:      evilmike_ruin_ashenzari, first_bread, uniq_jessica
D:3:      lemuel_castle_with_subvaults
D:6:      serial_shops, shop, uniq_menkaure
D:7:      minmay_temple_entry_fiery, uniq_duvessa, uniq_prince_ribbit1,
          uniq_pikel

Skill      XL: |  1  2  3  4  5  6  7  8  9 |
---------------+----------------------------+-----
Short Blades   | 1 2 3 4 5 |  5.4
Fighting       | 3 4 5 6 |  6.2
Shields        | 3 4 5 6 |  6.3
Armour         | 3 4 5 |  5.5
Long Blades    | |  1.9

Action                   |  1- 3 |  4- 6 |  7- 9 || total
-------------------------+-------+-------+-------++-------
Melee: Long sword        |     8 |       |       ||     8
       Bite              |    22 |    78 |   174 ||   274
       Short sword       |    78 |   298 |   486 ||   862
Throw: Javelin           |       |     5 |     8 ||    13
Evoke: Wand              |       |       |     2 ||     2
  Use: Potion            |       |     1 |     3 ||     4
       Scroll            |       |       |     8 ||     8
  Eat: Chunk             |       |     7 |    23 ||    30
Armor: Scale mail        |    35 |   120 |   112 ||   267
Dodge: Dodged            |    22 |    59 |    82 ||   163
Block: Shield            |    24 |   117 |   143 ||   284
       Rpst.: Long sword |     1 |       |       ||     1
